 Seeded DCSS version 0.24.0-41-g2ae2f7f1be (console) character file.

Game seed: 93891015573, levelgen mode: deterministic

58 Kagalorn the Chucker (level 4, 34/34 HPs)
             Began as a Human Hunter on Dec 11, 2019.
             Was a Follower of Jiyva.
             Quit the game on level 2 of the Dungeon.
             The game lasted 00:04:07 (1083 turns).

Kagalorn the Chucker (Human Hunter)                 Turns: 1083, Time: 00:04:08

Health: 34/34      AC:  4    Str: 13    XL:     4   Next: 21%
Magic:  4/4        EV: 12    Int: 12    God:    Jiyva [*.....]
Gold:   88         SH:  0    Dex: 13    Spells: 3/3 levels left

rFire    . . .     SeeInvis .   a - +0 short sword
rCold    . . .     Gourm    .   (no shield)
rNeg     . . .     Faith    .   e - +0 leather armour
rPois    .         Spirit   .   m - +0 helmet
rElec    .         Reflect  .   (no cloak)
rCorr    .         Harm     .   (no gloves)
MR       .....                  (no boots)
Stlth    +.........             r - amulet of rage
HPRegen  0.11/turn              (no ring)
MPRegen  0.09/turn              (no ring)

@: no status effects
A: no striking features
a: Request Jelly, Renounce Religion, Evoke Berserk Rage


You were on level 2 of the Dungeon.
You worshipped Jiyva.
Jiyva was aware of your devotion.
You were not hungry.

You visited 1 branch of the dungeon, and saw 2 of its levels.

You collected 88 gold pieces.

Inventory:

Hand Weapons
 a - a +0 short sword (weapon)
 b - a +0 hunting sling
Missiles
 c - 6 javelins
 d - 2 throwing nets
 l - 44 stones
 o - 34 sling bullets
 q - 14 poisoned darts (quivered)
Armour
 e - a +0 leather armour (worn)
 m - a +0 helmet (worn)
Jewellery
 r - an amulet of rage (around neck)
Wands
 v - a wand of paralysis (10)
Scrolls
 i - 2 scrolls of remove curse {unknown}
 j - a scroll of magic mapping {unknown}
 k - a scroll of enchant weapon {unknown}
 n - a scroll of random uselessness {unknown}
 p - a scroll of fear {unknown}
 s - 2 scrolls of amnesia {unknown}
 t - a scroll of immolation {unknown}
Potions
 g - a potion of haste {unknown}
 h - 2 potions of flight {unknown}
Comestibles
 f - 3 rations
 u - 3 chunks of flesh


   Skills:
 + Level 2.7 Fighting
 * Level 2.8(3.9) Slings
 - Level 4.0(4.4) Throwing
 - Level 2.0 Dodging
 - Level 1.0 Stealth


You had 3 spell levels left.
You didn't know any spells.
Your spell library was empty.

Dungeon Overview and Level Annotations

Branches:
Dungeon (2/15)

Altars:
Jiyva


Message History

The bat hits you but does no damage.
You hit the bat but do no damage. The bat barely misses you.
The bat hits you but does no damage. The bat closely misses you.
You miss the bat. The bat hits you but does no damage.
You closely miss the bat. The bat closely misses you.
You hit the bat.
You kill the bat!
No target in view!
No target in view!
A goblin comes into view. It is wielding a +0 club.
The goblin shouts!
There is a faded altar of an unknown god here.
You cannot tell which god this altar belongs to.
Convert to them anyway?
Jiyva accepts your prayer! Jiyva welcomes you! Jiyva grants you a jelly!
You can now request a jelly.
Quiver which item? (- for none, * to show all) (? for menu, Esc to quit)
Okay, then.
Are you sure you want to abandon this character and quit the game? (Confirm with "yes".)

.# # .. # #. .#.#
. #.###...###
#.#.g.#.....
#.#.#.. ?J#
#...#..#..###.
###...#.#@#.....
....#
.........#.......
.#..#
##...#.......#..
.....
#.†.#.##...##.
#..#
##............
#..#
........#.####.##.
##..# #######.#.#
.# ..#####...#
#...# .#
<.......... #..##
.#####.#.#


You could see a goblin and a neutral jelly (fellow slime).

Vanquished Creatures
  An adder (D:2)
  An ooze (D:2)
  2 worms (D:2)
  3 dart slugs
  4 giant cockroaches
  2 goblins (D:1)
  7 hobgoblins
  5 bats
  5 frilled lizards
  2 kobolds (D:1)
  3 rats
35 creatures vanquished.

Notes
Turn   | Place    | Note
-------+----------+-------------------------------------------
     0 | D:1      | Kagalorn the Human Hunter began the quest for the Orb.
     0 | D:1      | Reached XP level 1. HP: 16/16 MP: 1/1
    85 | D:1      | Reached skill level 1 in Slings
    96 | D:1      | Reached XP level 2. HP: 20/22 MP: 2/2
   422 | D:1      | Reached XP level 3. HP: 28/28 MP: 3/3
   893 | D:2      | Reached XP level 4. HP: 31/34 MP: 4/4
  1061 | D:2      | Found a faded altar of an unknown god.
  1082 | D:2      | Became a worshipper of Jiyva Jigettak the Shapeless
  1082 | D:2      | Reached * piety under Jiyva
  1083 | D:2      | Quit the game

Levels and vault maps discovered:
D:1:      minmay_arrival_four_houses, layout_loops_ring,
          hangedman_feature_mirror
D:2:      layout_loops_ring, chequers_ecumenical_altar_simple, uniq_robin

Skill      XL: |  1  2  3 |
---------------+----------+-----
Slings         | 1 2 |  2.8
Fighting       | |  2.7
Throwing       | |  4.0
Dodging        | |  2.0
Stealth        | |  1.0

Action                   |  1- 3 |  4- 6 || total
-------------------------+-------+-------++-------
Melee: Short sword       |    81 |    18 ||    99
 Fire: Hunting sling     |    25 |     9 ||    34
 Stab: Sleeping          |     1 |       ||     1
       Distracted        |     1 |       ||     1
  Eat: Chunk             |       |     1 ||     1
Armor: Leather armour    |    13 |     9 ||    22
Dodge: Dodged            |    57 |    14 ||    71
